 Dungeon Crawl Stone Soup version 0.29.0-4-gdea44cf6ec (webtiles) character file.

Game seed: 3526714520514311846

8913 qw the Severer (level 11, -1/97 HPs)
             Began as a Minotaur Fighter on Sept 6, 2022.
             Was an Elder of Ru.
             Slain by a gnoll
             ... wielding a +0 halberd
             ... led by a gnoll sergeant
              (4 damage)
             ... on level 9 of the Dungeon.
             The game lasted 00:04:05 (10152 turns).

qw the Severer (Minotaur Fighter)                  Turns: 10152, Time: 00:04:06

Health: -1/97      AC: 17    Str: 25    XL:     11   Next: 16%
Magic:  10/10      EV:  6    Int:  5    God:    Ru [****..]
Gold:   396        SH: 15    Dex: 10    Spells: 10/10 levels left

rFire   . . .      SeeInvis .   Y - +1 war axe (elec)
rCold   + . .      Faith    .   j - +0 kite shield
rNeg    . . .      Spirit   .   c - +0 plate armour
rPois   .          Reflect  +   (helmet restricted)
rElec   .          Harm     .   k - +2 cloak
rCorr   +          Rampage  .   (no gloves)
Will    .....                   n - +0 pair of boots
Stlth   ..........              i - amulet of reflection
HPRegen 0.26/turn               r - ring of resist corrosion
MPRegen 0.12/turn               f - ring of protection from cold

@: no status effects
A: horns 2, inability to use devices, hated by all, inability to train dodging,
retaliatory headbutt
a: Renounce Religion, Draw Out Power, Power Leap


You were on level 9 of the Dungeon.
You worshipped Ru.
Ru was greatly pleased with you.
You visited 1 branch of the dungeon, and saw 9 of its levels.

You collected 396 gold pieces.


Innate Abilities, Weirdness & Mutations

You have a pair of horns on your head.
You cannot study or use magical devices.
You are hated by all.
You cannot train Dodging skill.
You reflexively headbutt those who attack you in melee.


   Skills:
 - Level 9.2 Fighting
 - Level 15.1 Axes
 - Level 1.2 Throwing
 + Level 7.2 Armour
 - Level 10.0 Shields


You had 10 spell levels left.
You didn't know any spells.
Your spell library was empty.

Inventory:

Hand Weapons
 e - a +1 flail
 Y - a +1 war axe of electrocution (weapon)
Missiles
 b - a boomerang (quivered)
Armour
 c - a +0 plate armour (worn)
 j - a +0 kite shield (worn)
 k - a +2 cloak (worn)
 n - a +0 pair of boots (worn)
Jewellery
 f - a ring of protection from cold (right hand)
 i - an amulet of reflection (around neck)
 r - a ring of resist corrosion (left hand)
Scrolls
 a - 3 scrolls of identify
Potions
 d - 5 potions of might
 g - a potion of mutation
 h - 4 potions of curing
 m - 2 potions of heal wounds
 o - a potion of resistance
 s - a potion of haste

Dungeon Overview and Level Annotations

Branches:
Dungeon (9/15)             Temple (0/1) D:7
   Lair: D:8-11         Orc: D:9-12

Altars:
Ashenzari
Elyvilon
Gozag
Makhleb
Nemelex Xobeh
Ru
Sif Muna
Trog
Vehumet
Wu Jian
Xom
Zin

Shops:
D:6 :   D:9 (

Annotations:
D:6 2 transporters, qw's ghost, novice MiFi


Message History

You block the death yak's attack.
You redirect the yak's attack!
The yak gores the gnoll.
The death yak gores you!
You hit the death yak. Your headbutt misses the death yak.
The death yak is severely wounded.
You hit the yak. Lightning courses through the yak!
You kill the yak!
You barely miss the death yak. You block the gnoll's attack.
The gnoll hits you but does no damage.
The death yak gores you but does no damage.
You block the death yak's attack.
You hit the death yak.
The death yak is severely wounded.
You slash the death yak! You block the gnoll's attack.
The gnoll closely misses you.
The death yak gores you but does no damage.
The death yak gores you!
You hit the death yak but do no damage.
Lightning courses through the death yak!
You headbutt the death yak!
The death yak is almost dead.
You barely miss the death yak. You block the gnoll's attack.
The death yak is stunned by your conviction and fails to attack.
You block the gnoll's attack.
You redirect the death yak's attack!
The death yak gores itself.
The death yak dies!
Your Fighting skill increases to level 9!
You hit the death yak.
Lightning courses through the death yak!
You headbutt the death yak, but do no damage.
The death yak is severely wounded.
You slash the two-headed ogre!
The gnoll stops glowing.
The death yak barely misses you. You block the gnoll's attack.
You block the two-headed ogre's attack.
The two-headed ogre hits you with a +0 giant club!!
You focus your inner power and blind the two-headed ogre in retribution!
The gnoll hits you from afar with a +0 halberd.
You die... ......... ... ....... .. .... ......#... ..... .....#... .....
WY.......

.....##gg......
......O))......
......Y@)......
......%...#....
..........## .
.....##!...#
#########..#.....#
#...#...#........###
#.###.#.#####..#.....
####.#...#.######.#.##..
.....#####...........# #


You could see 2 death yaks, a two-headed ogre (blind), a wraith and 2 gnolls.

Vanquished Creatures
  A two-headed ogre (D:8)
  A hornet (D:8)
  A slime creature (D:8)
  A wyvern (D:9)
  10 yaks
  3 steam dragons
  A vampire mosquito (D:8)
  4 water moccasins
  3 ice beasts
  4 orc warriors
  2 ogres (D:5)
  A sky beast (D:8)
  5 black bears
  2 centaurs
  3 kobold brigands
  3 gnoll sergeants
  6 bullfrogs
  4 necrophages
  2 scorpions
  6 wights
  24 killer bees
  A vampire bat (D:3)
  3 howler monkeys
  5 hounds
  A gnoll bouda (D:5)
  3 iguanas
  3 orc wizards
  6 gnolls
  7 adders
  A shadow imp (D:6)
  2 white imps (D:8)
  2 ufetubi
  A worm (D:5)
  3 dart slugs
  3 fire bats (D:3)
  23 orcs
  2 spectral bats (D:3)
  3 bat skeletons (D:3)
  A bat zombie (D:3)
  3 endoplasms
  4 giant cockroaches
  7 hobgoblins
  6 jackals (D:1)
  5 quokkas
  5 ball pythons
  13 bats
  A bat simulacrum (D:3)
  2 frilled lizards
  2 goblins (D:1)
  29 kobolds
  7 rats
241 creatures vanquished.

Vanquished Creatures (others)
  A death yak (D:9)
  A yak (D:9)
  4 kobolds
  A fungus (D:5)
  72 plants
79 creatures vanquished.

Grand Total: 320 creatures vanquished

Notes
Turn   | Place    | Note
-------+----------+-------------------------------------------
     0 | D:1      | qw the Minotaur Fighter began the quest for the Orb.
     0 | D:1      | Reached XP level 1. HP: 19/19 MP: 0/0
     0 | D:1      | 0 ||| qw: Version: 0.1-a-108-g9e35731
     0 | D:1      | 0 ||| qw: Game counter: 6401
     0 | D:1      | 0 ||| qw: Always use a shield: true
     0 | D:1      | 0 ||| qw: God list: Ru
     0 | D:1      | 0 ||| qw: Allow faded altars: false
     0 | D:1      | 0 ||| qw: Do Orc after D:15 true
     0 | D:1      | 0 ||| qw: Do second Lair branch before Depths: true
     0 | D:1      | 0 ||| qw: Lair rune preference: random
     0 | D:1      | 0 ||| qw: Plans: Normal
     0 | D:1      | 0 ||| PLANNING D:1-11
    84 | D:1      | Reached skill level 3 in Axes
   158 | D:1      | Reached XP level 2. HP: 26/26 MP: 1/1
   185 | D:1      | 185 ||| Stepping ~*~*~tactically~*~*~ (stealth).
   190 | D:1      | 190 ||| Stepping ~*~*~tactically~*~*~ (stealth).
   196 | D:1      | 196 ||| Stepping ~*~*~tactically~*~*~ (stealth).
   261 | D:1      | 261 ||| Stepping ~*~*~tactically~*~*~ (stealth).
   265 | D:1      | Reached skill level 4 in Axes
   266 | D:1      | 266 ||| Stepping ~*~*~tactically~*~*~ (hiding).
   402 | D:1      | Reached XP level 3. HP: 31/31 MP: 2/2
   644 | D:1      | Found a faded altar of an unknown god.
   922 | D:1      | 922 ||| Stepping ~*~*~tactically~*~*~ (stealth).
   923 | D:1      | 923 ||| Stepping ~*~*~tactically~*~*~ (stealth).
   924 | D:1      | 924 ||| Stepping ~*~*~tactically~*~*~ (stealth).
  1017 | D:1      | 1017 ||| UPGRADING to +2 cloak.
  1022 | D:1      | 1022 ||| READING 2 scrolls labelled LUPOQA EH JOU.
  1023 | D:1      | 1023 ||| READING scroll labelled FOSOLI LUTT.
  1026 | D:1      | 1026 ||| READING scroll labelled KIGIHUOJEO.
  1027 | D:1      | 1027 ||| DRINKING 2 glowing white potions.
  1028 | D:1      | 1028 ||| DRINKING 3 grey potions.
  1029 | D:1      | 1029 ||| DROPPING potion of attraction.
  1118 | D:2      | Found a sacrificial altar of Ru.
  1126 | D:2      | Became a worshipper of Ru the Awakened
  1493 | D:2      | 1493 ||| DROPPING +0 club.
  1668 | D:2      | 1668 ||| Stepping ~*~*~tactically~*~*~ (stealth).
  2014 | D:2      | 2014 ||| READING scroll labelled TOJ XOUCAYGRU.
  2015 | D:2      | 2015 ||| READING scroll labelled BOATORAWIR.
  2016 | D:2      | 2016 ||| READING scroll labelled ENOUMM WATISS.
  2017 | D:2      | 2017 ||| READING scroll labelled LOVIEGGADGH.
  2018 | D:2      | 2018 ||| READING 2 scrolls of identify.
  2018 | D:2      | 2018 ||| IDENTIFYING glowing dark potion
  2019 | D:2      | 2019 ||| READING 2 scrolls of teleportation.
  2055 | D:3      | 2055 ||| Stepping ~*~*~tactically~*~*~ (stealth).
  2067 | D:3      | Reached skill level 5 in Axes
  2088 | D:3      | 2088 ||| Stepping ~*~*~tactically~*~*~ (stealth).
  2095 | D:3      | Reached skill level 1 in Dodging
  2095 | D:3      | Reached XP level 4. HP: 39/39 MP: 3/3
  2220 | D:3      | Found an opulent altar of Gozag.
  2266 | D:3      | Found a sparkling altar of Nemelex Xobeh.
  2300 | D:3      | Noticed an angel
  2301 | D:3      | Found a shimmering altar of Xom.
  2311 | D:3      | Found a glowing silver altar of Zin.
  2384 | D:3      | Found a hazy altar of Hepliaklqana.
  2552 | D:3      | Found a burning altar of Makhleb.
  2553 | D:3      | 2553 ||| INVOKING Sacrifice Nimbleness.
  2553 | D:3      | Gained mutation: You cannot train Dodging skill. [Ru
                  | sacrifice]
  2553 | D:3      | Reached * piety under Ru
  2555 | D:3      | Noticed a balrug
  2559 | D:3      | Noticed a ynoxinul
  2559 | D:3      | Noticed a smoke demon
  2584 | D:3      | Noticed a kobold brigand
  2596 | D:3      | Killed a kobold brigand
  2597 | D:3      | Reached skill level 6 in Axes
  2597 | D:3      | Reached XP level 5. HP: 36/45 MP: 4/4
  2821 | D:3      | Reached skill level 7 in Axes
  2855 | D:3      | Reached XP level 6. HP: 52/52 MP: 5/5
  2899 | D:3      | 2899 ||| UPGRADING to amulet of reflection.
  2904 | D:3      | 2904 ||| DRINKING 2 sedimented grey potions.
  3005 | D:3      | 3005 ||| DROPPING potion of ambrosia.
  3032 | D:4      | 3032 ||| Stepping ~*~*~tactically~*~*~ (hiding).
  3034 | D:4      | 3034 ||| Stepping ~*~*~tactically~*~*~ (hiding).
  3036 | D:4      | 3036 ||| Stepping ~*~*~tactically~*~*~ (hiding).
  3178 | D:4      | 3178 ||| Stepping ~*~*~tactically~*~*~ (stealth).
  3230 | D:4      | 3230 ||| DROPPING +0 whip.
  3322 | D:4      | Found a white marble altar of Elyvilon.
  3419 | D:4      | 3419 ||| Stepping ~*~*~tactically~*~*~ (stealth).
  3422 | D:4      | 3422 ||| Stepping ~*~*~tactically~*~*~ (stealth).
  3461 | D:4      | Found a bloodstained altar of Trog.
  3636 | D:4      | Reached skill level 8 in Axes
  3640 | D:4      | Reached XP level 7. HP: 52/60 MP: 6/6
  3902 | D:4      | 3902 ||| DROPPING amulet of magic regeneration.
  3903 | D:4      | 3903 ||| READING scroll labelled YDIH GUXIADUYGU.
  3904 | D:4      | 3904 ||| DRINKING 3 viscous pink potions.
  3905 | D:4      | 3905 ||| READING 3 scrolls of identify.
  3905 | D:4      | 3905 ||| IDENTIFYING metallic emerald potion
  3906 | D:4      | 3906 ||| READING 2 scrolls of identify.
  3906 | D:4      | 3906 ||| IDENTIFYING lumpy brown potion
  3907 | D:4      | 3907 ||| DROPPING 2 potions of flight.
  3908 | D:4      | 3908 ||| DROPPING potion of lignification.
  4058 | D:5      | Entered Level 5 of the Dungeon
  4070 | D:5      | Reached skill level 9 in Axes
  4087 | D:5      | 4087 ||| Stepping ~*~*~tactically~*~*~ (stealth).
  4088 | D:5      | 4088 ||| Stepping ~*~*~tactically~*~*~ (stealth).
  4089 | D:5      | 4089 ||| Stepping ~*~*~tactically~*~*~ (stealth).
  4090 | D:5      | 4090 ||| Stepping ~*~*~tactically~*~*~ (hiding).
  4106 | D:5      | Noticed a steam dragon
  4107 | D:5      | 4107 ||| Stepping ~*~*~tactically~*~*~ (stealth).
  4110 | D:5      | 4110 ||| Stepping ~*~*~tactically~*~*~ (stealth).
  4114 | D:5      | 4114 ||| FLEEEEING.
  4115 | D:5      | 4115 ||| FLEEEEING.
  4116 | D:5      | 4116 ||| FLEEEEING.
  4117 | D:5      | 4117 ||| FLEEEEING.
  4118 | D:5      | 4118 ||| FLEEEEING.
  4119 | D:5      | 4119 ||| FLEEEEING.
  4120 | D:5      | 4120 ||| FLEEEEING.
  4121 | D:5      | 4121 ||| FLEEEEING.
  4122 | D:5      | 4122 ||| FLEEEEING.
  4123 | D:5      | 4123 ||| FLEEEEING.
  4124 | D:5      | 4124 ||| STAIRDANCE
  4220 | D:5      | 4220 ||| STAIRDANCE
  4327 | D:5      | Killed a steam dragon
  4328 | D:5      | Reached skill level 10 in Axes
  4328 | D:5      | 4328 ||| FLEEEEING.
  4329 | D:5      | 4329 ||| STAIRDANCE
  4456 | D:5      | 4456 ||| STAIRDANCE
  4462 | D:4      | Reached XP level 8. HP: 70/70 MP: 7/7
  4464 | D:4      | 4464 ||| UPGRADING to +0 chain mail.
  4474 | D:4      | 4474 ||| DROPPING +0 scale mail.
  4475 | D:4      | 4475 ||| DROPPING +1 leather armour of fire resistance.
  4489 | D:5      | 4489 ||| Stepping ~*~*~tactically~*~*~ (stealth).
  4491 | D:5      | 4491 ||| Stepping ~*~*~tactically~*~*~ (stealth).
  4492 | D:5      | 4492 ||| Stepping ~*~*~tactically~*~*~ (stealth).
  4501 | D:5      | Reached skill level 6 in Fighting
  4771 | D:5      | Found a sacrificial altar of Ru.
  4789 | D:5      | Found a radiant altar of Vehumet.
  4881 | D:5      | Reached skill level 11 in Axes
  4968 | D:5      | 4968 ||| Stepping ~*~*~tactically~*~*~ (stealth).
  5010 | D:5      | 5010 ||| Stepping ~*~*~tactically~*~*~ (stealth).
  5013 | D:5      | 5013 ||| Stepping ~*~*~tactically~*~*~ (stealth).
  5017 | D:5      | 5017 ||| Stepping ~*~*~tactically~*~*~ (stealth).
  5046 | D:5      | 5046 ||| Stepping ~*~*~tactically~*~*~ (stealth).
  5080 | D:5      | 5080 ||| Stepping ~*~*~tactically~*~*~ (stealth).
  5133 | D:5      | 5133 ||| Stepping ~*~*~tactically~*~*~ (stealth).
  5314 | D:5      | 5314 ||| READING 2 scrolls labelled HINWOD QOTO.
  5315 | D:5      | 5315 ||| READING scroll labelled YDDIOM IGGUYK.
  5316 | D:5      | 5316 ||| READING scroll labelled EXTUBL LESETUY.
  5417 | D:5      | 5417 ||| DRINKING 2 sapphire potions.
  5418 | D:5      | 5418 ||| READING 2 scrolls of identify.
  5418 | D:5      | 5418 ||| IDENTIFYING bubbling clear potion
  5419 | D:5      | 5419 ||| DROPPING potion of invisibility.
  5420 | D:5      | 5420 ||| DROPPING scroll of blinking.
  5478 | D:5      | 5478 ||| STAIRDANCE
  5483 | D:4      | Reached skill level 12 in Axes
  5490 | D:5      | 5490 ||| STAIRDANCE
  5693 | D:6      | Found Juoluoqi's Self-Improvement Boutique.
  5717 | D:6      | Reached XP level 9. HP: 76/79 MP: 8/8
  5757 | D:6      | Identified the +3 scale mail of Vlad {rF- Int+6}
  5768 | D:6      | 5768 ||| INVOKING Sacrifice Artifice.
  5768 | D:6      | Gained mutation: You cannot study or use magical devices.
                  | [Ru sacrifice]
  5768 | D:6      | Reached ** piety under Ru
  5768 | D:6      | Reached *** piety under Ru
  5770 | D:6      | Found a transporter.
  5770 | D:6      | Found a transporter.
  5780 | D:6      | Noticed qw's ghost (novice MiFi)
  5801 | D:6      | 5801 ||| DROPPING +1 whip of electrocution.
  5827 | D:6      | Found a basalt altar of Yredelemnul.
  5874 | D:6      | Reached skill level 1 in Throwing
  5879 | D:6      | 5879 ||| Stepping ~*~*~tactically~*~*~ (hiding).
  5881 | D:6      | 5881 ||| Stepping ~*~*~tactically~*~*~ (hiding).
  6155 | D:6      | Reached skill level 13 in Axes
  6202 | D:6      | 6202 ||| Stepping ~*~*~tactically~*~*~ (stealth).
  6206 | D:6      | 6206 ||| Stepping ~*~*~tactically~*~*~ (hiding).
  6207 | D:6      | 6207 ||| Stepping ~*~*~tactically~*~*~ (stealth).
  6212 | D:6      | 6212 ||| FLEEEEING.
  6213 | D:6      | 6213 ||| FLEEEEING.
  6214 | D:6      | 6214 ||| FLEEEEING.
  6217 | D:6      | 6217 ||| FLEEEEING.
  6225 | D:6      | 6225 ||| FLEEEEING.
  6226 | D:6      | 6226 ||| FLEEEEING.
  6227 | D:6      | 6227 ||| FLEEEEING.
  6228 | D:6      | 6228 ||| FLEEEEING.
  6229 | D:6      | 6229 ||| FLEEEEING.
  6511 | D:6      | 6511 ||| Stepping ~*~*~tactically~*~*~ (stealth).
  6577 | D:6      | 6577 ||| UPGRADING to +0 pair of boots.
  6582 | D:6      | 6582 ||| DROPPING amulet of guardian spirit.
  6583 | D:6      | 6583 ||| READING scroll labelled ZUXYLU JEIV.
  6584 | D:6      | 6584 ||| READING scroll labelled NEMERETHOH.
  6998 | D:7      | Found a staircase to the Ecumenical Temple.
  7241 | D:7      | Found a shimmering blue altar of Sif Muna.
  7336 | D:7      | Found a broken altar of Ashenzari.
  7521 | D:7      | 7521 ||| UPGRADING to +0 kite shield.
  7531 | D:7      | 7531 ||| DROPPING +0 buckler.
  7532 | D:7      | 7532 ||| UPGRADING to ring of resist corrosion.
  7533 | D:7      | 7533 ||| READING scroll labelled VOSYCE KIMOPA.
  7534 | D:7      | 7534 ||| READING scroll labelled VIOVEMYEHI.
  7535 | D:7      | 7535 ||| READING 2 scrolls of identify.
  7535 | D:7      | 7535 ||| IDENTIFYING fizzy clear potion
  7592 | D:8      | 7592 ||| Stepping ~*~*~tactically~*~*~ (stealth).
  7595 | D:8      | 7595 ||| Stepping ~*~*~tactically~*~*~ (stealth).
  7612 | D:8      | 7612 ||| DRINKING 5 potions of curing.
  7612 | D:8      | 7612 ||| (to cure confusion)
  7626 | D:8      | 7626 ||| Stepping ~*~*~tactically~*~*~ (hiding).
  7690 | D:8      | Found an ornate altar of the Wu Jian Council.
  7695 | D:8      | Reached skill level 6 in Shields
  7898 | D:8      | 7898 ||| INVOKING Sacrifice Love.
  7898 | D:8      | Gained mutation: You are hated by all. [Ru sacrifice]
  7898 | D:8      | Reached **** piety under Ru
  8530 | D:8      | 8530 ||| UPGRADING to +0 plate armour.
  8540 | D:8      | 8540 ||| DROPPING +0 chain mail.
  8541 | D:8      | 8541 ||| READING 2 scrolls of identify.
  8541 | D:8      | 8541 ||| IDENTIFYING murky golden potion
  8542 | D:8      | 8542 ||| DROPPING potion of magic.
  8543 | D:8      | 8543 ||| READING 4 scrolls of teleportation.
  8622 | D:8      | 8622 ||| READING 3 scrolls of teleportation.
  8632 | D:8      | 8632 ||| READING 2 scrolls of teleportation.
  8730 | D:8      | Reached XP level 10. HP: 77/88 MP: 9/9
  8730 | D:8      | 8730 ||| FLEEEEING.
  8731 | D:8      | 8731 ||| FLEEEEING.
  8732 | D:8      | 8732 ||| FLEEEEING.
  8733 | D:8      | 8733 ||| FLEEEEING.
  8734 | D:8      | 8734 ||| FLEEEEING.
  8735 | D:8      | 8735 ||| FLEEEEING.
  8737 | D:8      | 8737 ||| FLEEEEING.
  8738 | D:8      | 8738 ||| FLEEEEING.
  8739 | D:8      | 8739 ||| FLEEEEING.
  8740 | D:8      | 8740 ||| FLEEEEING.
  8741 | D:8      | 8741 ||| FLEEEEING.
  8742 | D:8      | 8742 ||| FLEEEEING.
  8743 | D:8      | 8743 ||| FLEEEEING.
  8744 | D:8      | 8744 ||| FLEEEEING.
  8745 | D:8      | 8745 ||| FLEEEEING.
  8746 | D:8      | 8746 ||| FLEEEEING.
  8747 | D:8      | 8747 ||| FLEEEEING.
  8748 | D:8      | 8748 ||| FLEEEEING.
  8749 | D:8      | 8749 ||| FLEEEEING.
  8750 | D:8      | 8750 ||| FLEEEEING.
  8751 | D:8      | 8751 ||| FLEEEEING.
  8752 | D:8      | 8752 ||| FLEEEEING.
  8753 | D:8      | 8753 ||| FLEEEEING.
  8754 | D:8      | 8754 ||| FLEEEEING.
  8755 | D:8      | 8755 ||| FLEEEEING.
  8757 | D:8      | 8757 ||| FLEEEEING.
  8758 | D:8      | 8758 ||| FLEEEEING.
  8759 | D:8      | 8759 ||| FLEEEEING.
  8760 | D:8      | 8760 ||| FLEEEEING.
  8761 | D:8      | 8761 ||| FLEEEEING.
  8762 | D:8      | 8762 ||| FLEEEEING.
  8763 | D:8      | 8763 ||| FLEEEEING.
  8858 | D:8      | 8858 ||| READING scroll of teleportation.
  8860 | D:8      | 8860 ||| FLEEEEING.
  8904 | D:8      | 8904 ||| Stepping ~*~*~tactically~*~*~ (hiding).
  8908 | D:8      | 8908 ||| Stepping ~*~*~tactically~*~*~ (hiding).
  8915 | D:8      | Reached skill level 6 in Armour
  8921 | D:8      | 8921 ||| DROPPING +0 flail.
  8942 | D:8      | 8942 ||| Stepping randomly (stuck).
  8943 | D:8      | 8943 ||| Stepping randomly (stuck).
  8944 | D:8      | 8944 ||| Stepping randomly (stuck).
  8946 | D:8      | 8946 ||| Stepping randomly (stuck).
  8947 | D:8      | 8947 ||| Stepping randomly (stuck).
  8948 | D:8      | 8948 ||| Stepping randomly (stuck).
  8949 | D:8      | 8949 ||| Stepping randomly (stuck).
  8950 | D:8      | 8950 ||| Stepping randomly (stuck).
  8951 | D:8      | 8951 ||| Stepping randomly (stuck).
  8953 | D:8      | 8953 ||| Stepping randomly (stuck).
  8955 | D:8      | 8955 ||| Stepping randomly (stuck).
  8956 | D:8      | 8956 ||| Stepping randomly (stuck).
  8958 | D:8      | 8958 ||| Stepping randomly (stuck).
  8959 | D:8      | 8959 ||| Stepping randomly (stuck).
  8960 | D:8      | 8960 ||| Stepping randomly (stuck).
  8961 | D:8      | 8961 ||| Stepping randomly (stuck).
  8963 | D:8      | 8963 ||| Stepping randomly (stuck).
  8964 | D:8      | 8964 ||| Stepping randomly (stuck).
  8965 | D:8      | 8965 ||| Stepping randomly (stuck).
  8966 | D:8      | 8966 ||| Stepping randomly (stuck).
  8967 | D:8      | 8967 ||| Stepping randomly (stuck).
  8969 | D:8      | 8969 ||| Stepping randomly (stuck).
  8979 | D:8      | 8979 ||| Stepping randomly (stuck).
  8980 | D:8      | 8980 ||| Stepping randomly (stuck).
  8981 | D:8      | 8981 ||| Stepping randomly (stuck).
  8982 | D:8      | 8982 ||| Stepping randomly (stuck).
  8983 | D:8      | 8983 ||| Stepping randomly (stuck).
  8984 | D:8      | 8984 ||| Stepping randomly (stuck).
  8985 | D:8      | 8985 ||| Stepping randomly (stuck).
  8986 | D:8      | 8986 ||| Stepping randomly (stuck).
  8987 | D:8      | 8987 ||| Stepping randomly (stuck).
  8988 | D:8      | 8988 ||| Stepping randomly (stuck).
  8989 | D:8      | 8989 ||| Stepping randomly (stuck).
  8990 | D:8      | 8990 ||| Stepping randomly (stuck).
  8991 | D:8      | 8991 ||| Stepping randomly (stuck).
  8992 | D:8      | 8992 ||| Stepping randomly (stuck).
  9015 | D:8      | Noticed a two-headed ogre
  9019 | D:8      | 9019 ||| Stepping ~*~*~tactically~*~*~ (stealth).
  9022 | D:8      | Killed a two-headed ogre
  9023 | D:8      | Reached skill level 9 in Shields
  9133 | D:8      | 9133 ||| Stepping randomly (stuck).
  9135 | D:8      | 9135 ||| Stepping randomly (stuck).
  9136 | D:8      | 9136 ||| Stepping randomly (stuck).
  9137 | D:8      | 9137 ||| Stepping randomly (stuck).
  9138 | D:8      | 9138 ||| Stepping randomly (stuck).
  9139 | D:8      | 9139 ||| Stepping randomly (stuck).
  9140 | D:8      | 9140 ||| Stepping randomly (stuck).
  9141 | D:8      | 9141 ||| Stepping randomly (stuck).
  9142 | D:8      | 9142 ||| Stepping randomly (stuck).
  9143 | D:8      | 9143 ||| Stepping randomly (stuck).
  9144 | D:8      | 9144 ||| Stepping ~*~*~tactically~*~*~ (hiding).
  9145 | D:8      | 9145 ||| Stepping ~*~*~tactically~*~*~ (hiding).
  9184 | D:8      | Paralysed by a hornet for 3 turns
  9199 | D:8      | 9199 ||| FLEEEEING.
  9200 | D:8      | 9200 ||| FLEEEEING.
  9201 | D:8      | 9201 ||| FLEEEEING.
  9202 | D:8      | 9202 ||| FLEEEEING.
  9203 | D:8      | 9203 ||| FLEEEEING.
  9206 | D:8      | 9206 ||| FLEEEEING.
  9207 | D:8      | 9207 ||| FLEEEEING.
  9208 | D:8      | 9208 ||| FLEEEEING.
  9209 | D:8      | 9209 ||| FLEEEEING.
  9210 | D:8      | 9210 ||| FLEEEEING.
  9211 | D:8      | 9211 ||| FLEEEEING.
  9212 | D:8      | 9212 ||| FLEEEEING.
  9213 | D:8      | 9213 ||| FLEEEEING.
  9214 | D:8      | 9214 ||| FLEEEEING.
  9215 | D:8      | 9215 ||| FLEEEEING.
  9216 | D:8      | 9216 ||| FLEEEEING.
  9217 | D:8      | 9217 ||| FLEEEEING.
  9218 | D:8      | 9218 ||| FLEEEEING.
  9219 | D:8      | 9219 ||| FLEEEEING.
  9220 | D:8      | 9220 ||| FLEEEEING.
  9221 | D:8      | 9221 ||| FLEEEEING.
  9222 | D:8      | 9222 ||| FLEEEEING.
  9223 | D:8      | 9223 ||| FLEEEEING.
  9226 | D:8      | 9226 ||| FLEEEEING.
  9227 | D:8      | 9227 ||| FLEEEEING.
  9228 | D:8      | 9228 ||| FLEEEEING.
  9229 | D:8      | 9229 ||| FLEEEEING.
  9230 | D:8      | 9230 ||| FLEEEEING.
  9231 | D:8      | 9231 ||| FLEEEEING.
  9232 | D:8      | 9232 ||| FLEEEEING.
  9233 | D:8      | 9233 ||| FLEEEEING.
  9234 | D:8      | 9234 ||| FLEEEEING.
  9235 | D:8      | 9235 ||| FLEEEEING.
  9236 | D:8      | 9236 ||| FLEEEEING.
  9237 | D:8      | 9237 ||| FLEEEEING.
  9238 | D:8      | 9238 ||| FLEEEEING.
  9239 | D:8      | 9239 ||| FLEEEEING.
  9240 | D:8      | 9240 ||| FLEEEEING.
  9241 | D:8      | 9241 ||| FLEEEEING.
  9242 | D:8      | 9242 ||| FLEEEEING.
  9243 | D:8      | 9243 ||| FLEEEEING.
  9246 | D:8      | 9246 ||| FLEEEEING.
  9247 | D:8      | 9247 ||| FLEEEEING.
  9248 | D:8      | 9248 ||| FLEEEEING.
  9249 | D:8      | 9249 ||| FLEEEEING.
  9251 | D:8      | 9251 ||| FLEEEEING.
  9252 | D:8      | 9252 ||| FLEEEEING.
  9256 | D:8      | 9256 ||| FLEEEEING.
  9257 | D:8      | 9257 ||| FLEEEEING.
  9258 | D:8      | 9258 ||| FLEEEEING.
  9259 | D:8      | 9259 ||| FLEEEEING.
  9260 | D:8      | 9260 ||| FLEEEEING.
  9261 | D:8      | 9261 ||| FLEEEEING.
  9262 | D:8      | 9262 ||| FLEEEEING.
  9263 | D:8      | 9263 ||| STAIRDANCE
  9437 | D:8      | 9437 ||| Stepping randomly (stuck).
  9438 | D:8      | 9438 ||| Stepping randomly (stuck).
  9439 | D:8      | 9439 ||| Stepping randomly (stuck).
  9486 | D:8      | 9486 ||| UPGRADING to ring of protection from cold.
  9487 | D:8      | 9487 ||| READING 4 scrolls of identify.
  9487 | D:8      | 9487 ||| IDENTIFYING murky brown potion
  9488 | D:8      | 9488 ||| DROPPING potion of brilliance.
  9536 | D:9      | 9536 ||| STAIRDANCE
  9596 | D:9      | 9596 ||| STAIRDANCE
  9813 | D:9      | 9813 ||| Stepping ~*~*~tactically~*~*~ (stealth).
  9820 | D:9      | Reached skill level 14 in Axes
  9876 | D:9      | 9876 ||| Stepping ~*~*~tactically~*~*~ (stealth).
  9987 | D:9      | Found Ilifugo's Weapon Shoppe.
 10034 | D:9      | 10034 ||| Stepping ~*~*~tactically~*~*~ (cloud).
 10132 | D:9      | Noticed a death yak
 10138 | D:9      | Noticed a death yak
 10141 | D:9      | Noticed a death yak
 10142 | D:9      | Noticed a two-headed ogre
 10144 | D:9      | Reached skill level 15 in Axes
 10144 | D:9      | Reached XP level 11. HP: 63/94 MP: 10/10
 10151 | D:9      | Killed a death yak
 10152 | D:9      | Reached skill level 9 in Fighting
 10152 | D:9      | HP: 3/97 [two-headed ogre/+0 giant club (22)]
 10152 | D:9      | Slain by a gnoll

Levels and vault maps discovered:
D:1:      heliophobic_arrival_glass_houses, layout_basic,
          basic_ecumenical_altar, st_stairs_4, minmay_liquid_box
D:2:      layout_loops_corners, basic_altar, grunt_decor_clamped
D:3:      layout_loops_ring, makhleb_altar_promises_db,
          nicolae_overflow_hidden_temple, mainiacjoe_overflow_alcove_1,
          lemuel_tele_altar, grunt_temple_overflow_order_and_chaos_1,
          goddamned_bats
D:4:      layout_loops_ring, lemuel_round_altar, elyvilon_altar_3
D:5:      wad_river_or_something, layout_cave_pools,
          nicolae_ru_the_path_less_chosen, nicolae_overflow_crystal_walls,
          kennysheep_small_square
D:6:      kennysheep_kobold_camp, layout_basic, marbit_many_paths,
          gammafunk_ghost_gnarly_gnolls, nicolae_shop_self_help
D:7:      layout_gridville, mainiacjoe_overflow_small_starburst,
          lemuel_blue_sif_altar, minmay_temple_entry_statues_fountains,
          kennysheep_another_room
D:8:      kennysheep_windowed_halls, layout_loops_corners,
          mainiacjoe_overflow_paths, chequers_serial_rivers_marsh
D:9:      layout_cave_pools, dpeg_lair_monsters, david_orc_5, serial_shops,
          shop, bh_walls_and_bars

Skill      XL: |  1  2  3  4  5  6  7  8  9 10 11 |
---------------+----------------------------------+-----
Axes           | 3 4 5 6 7 8 10 12 13 15 | 15.1
Dodging        | 1 0 |  0.0
Fighting       | 4 5 7 8 9 |  9.2
Armour         | 4 5 7 |  7.2
Shields        | 4 8 10 | 10.0
Throwing       | 1 |  1.2

Action                   |  1- 3 |  4- 6 |  7- 9 | 10-12 || total
-------------------------+-------+-------+-------+-------++-------
Melee: War axe           |    96 |    83 |   265 |   138 ||   582
       Headbutt          |    14 |    12 |    44 |    21 ||    91
Throw: Boomerang         |       |       |    50 |     9 ||    59
Invok: Sacrifice Nimblen |       |     1 |       |       ||     1
       Sacrifice Artific |       |       |     1 |       ||     1
       Sacrifice Love    |       |       |     1 |       ||     1
  Use: Scroll            |     9 |       |    16 |     2 ||    27
       Potion            |     2 |     1 |     3 |       ||     6
 Stab: Distracted        |       |       |     2 |       ||     2
       Invisible         |       |       |       |     1 ||     1
Armor: Scale mail        |    37 |    53 |    10 |       ||   100
       Chain mail        |       |       |    85 |       ||    85
       Plate armour      |       |       |       |    74 ||    74
Dodge: Dodged            |    36 |    36 |    58 |    37 ||   167
Block: Buckler           |    13 |    26 |    63 |       ||   102
       Kite shield       |       |       |    31 |   130 ||   161
       Reflection        |       |       |     4 |     1 ||     5

Table legend:
 A = Non-vault XP
 B = Vault XP
 C = Vault XP percentage of total XP
 D = Non-vault monster count
 E = Vault monster count
 F = Vault count percentage of total count
                 A         B        C        D         E       F
            +---------+---------+-------+---------+---------+-------
      Total |    7413 |    5320 |  41.8 |     165 |      78 |  32.1
            +---------+---------+-------+---------+---------+-------
        D:1 |      49 |       2 |   3.9 |      27 |       2 |   6.9
        D:2 |      22 |       0 |   0.0 |       8 |       0 |   0.0
        D:3 |     211 |     175 |  45.3 |      17 |      20 |  54.1
        D:4 |     438 |     126 |  22.3 |      13 |       1 |   7.1
        D:5 |    1179 |     394 |  25.0 |      20 |      10 |  33.3
        D:6 |     997 |     138 |  12.2 |      15 |      19 |  55.9
        D:7 |     482 |       0 |   0.0 |      14 |       0 |   0.0
        D:8 |    1687 |    2729 |  61.8 |      28 |      20 |  41.7
        D:9 |    2348 |    1756 |  42.8 |      23 |       6 |  20.7
            +---------+---------+-------+---------+---------+-------
